 Dungeon Crawl Stone Soup version 0.18.1-48-g4cf74bf (webtiles) character file.

360 kobby the Skirmisher (level 6, -2/40 HPs)
             Began as a Tengu Fighter on July 7, 2016.
             Slain by a spriggan
             ... wielding a cursed -3 rapier
              (8 damage)
             ... on level 5 of the Dungeon.
             The game lasted 00:08:45 (2690 turns).

kobby the Skirmisher (Tengu Fighter)                Turns: 2690, Time: 00:08:45

Health: -2/40      AC: 12    Str: 16    XL:     6   Next: 65%
Magic:  7/7        EV:  5    Int:  8    God:
Gold:   151        SH:  9    Dex: 16    Spells: 0 memorised, 6 levels left

rFire  + . .     SeeInvis .     j - +2 trident (venom)
rCold  + . .     Gourm    .     v - +1 chain mail {rC+}
rNeg   . . .     Faith    .     c - +0 shield
rPois  .         Spirit   .     (helmet restricted)
rElec  .         Dismiss  .     (no cloak)
rCorr  .         Reflect  .     q - +1 pair of gloves
SustAt .         Harm     .     (boots unavailable)
MR     .....                    (no amulet)
Stlth  ..........               u - ring of protection from fire
                                m - ring of wizardry

@: not resistant to hostile enchantments, extremely unstealthy
A: beak, talons 3, able to fly 1
a: Fly


You were on level 5 of the Dungeon.
You were near starving.

You visited 1 branch of the dungeon, and saw 5 of its levels.

You collected 151 gold pieces.

Inventory:

Hand Weapons
 a - a +0 long sword
 j - a +2 trident of venom (weapon)
 A - a cursed +1 long sword
Missiles
 o - 3 javelins (quivered)
Armour
 c - a +0 shield (worn)
 q - a +1 pair of gloves (worn)
 v - a +1 chain mail of cold resistance (worn)
Jewellery
 m - a ring of wizardry (left hand)
 s - a +2 ring of strength {unknown}
 u - a ring of protection from fire (right hand)
Scrolls
 b - 2 scrolls of amnesia
 i - a scroll of teleportation
Potions
 k - 2 potions of haste {unknown}
 l - a potion of flight {unknown}
 p - a potion of berserk rage {unknown}
 r - 2 potions of degeneration {unknown}
 x - a potion of agility {unknown}
Books
 d - a book of Flames

   Spells                             Type                      Level
   a - Flame Tongue                   Conjuration/Fire             1
   b - Throw Flame                    Conjuration/Fire             2
   c - Conjure Flame                  Conjuration/Fire             3
   d - Inner Flame                    Hexes/Fire                   3
   e - Sticky Flame                   Conjuration/Fire             4
   f - Fireball                       Conjuration/Fire             5
Comestibles
 f - 4 bread rations
 g - a meat ration
 h - a slice of pizza
 n - 7 fruits
 t - 3 beef jerkies


   Skills:
 * Level 5.0 Fighting
 + Level 4.3 Long Blades
 - Level 4.1 Armour
 - Level 1.5 Dodging
 - Level 3.6 Shields
 - Level 0.5 Spellcasting


You had 6 spell levels left.
You didn't know any spells.

Dungeon Overview and Level Annotations

Branches:
Dungeon (5/15)
 Temple: D:4-7

Altars:
Ashenzari
Xom

Annotations:
D:3 Metae's ghost, weakling TeSu
D:4 Natasha; Sigmund


Innate Abilities, Weirdness & Mutations

You have a beak for a mouth.
You have claws for feet.
You can fly.


Message History

The spriggan is moderately wounded.
The spriggan hits you but does no damage.
You miss the spriggan. Your kick misses the spriggan.
Your peck misses the spriggan.
The spriggan is heavily wounded.
The spriggan hits you with a rapier.
You barely miss the spriggan. Your kick misses the spriggan.
The spriggan is heavily wounded.
The spriggan hits you with a rapier!
You barely miss the spriggan.
The spriggan is heavily wounded.
The spriggan hits you with a rapier!
* * * LOW HITPOINT WARNING * * *
A hound comes into view.
The hound barks!
You hit the spriggan.
The spriggan looks even sicker.
You claw the spriggan, but do no damage.
The spriggan is severely wounded.
The spriggan hits you with a rapier!
You die...

#.#.#.##..##.##.#.#..#.#
#.#
#...................##.#
#.#
#.....##..##.##........#
#.#
#################.######
### ### ♣♣♣♣♣♣ ♣♣♣♣♣
..♣♣♣♣♣♣♣....♣♣♣♣♣♣♣....
....hli@..♣♣...♣♣....♣♣♣
♣...♣♣♣♣♣♣♣♣♣♣♣...♣♣♣♣ ♣
♣ ♣♣♣♣♣


You could see a spriggan, a hound and a giant gecko.

Vanquished Creatures
  A sky beast (D:3)
  An orc priest (D:5)
  An orc wizard (D:5)
  A worker ant (D:5)
  3 gnolls
  6 adders
  4 oozes
  An adder skeleton (D:4)
  A worm (D:3)
  5 dart slugs
  2 giant geckos
  5 orcs
  3 giant cockroaches
  8 goblins
  7 hobgoblins
  3 jackals (D:1)
  9 kobolds
  2 quokkas (D:3)
  3 bats
  3 giant newts
  3 rats
72 creatures vanquished.

Notes
Turn   | Place    | Note
--------------------------------------------------------------
     0 | D:1      | kobby the Tengu Fighter began the quest for the Orb.
     0 | D:1      | Reached XP level 1. HP: 14/14 MP: 2/2
    83 | D:1      | Reached XP level 2. HP: 14/19 MP: 3/3
   209 | D:1      | Reached XP level 3. HP: 22/23 MP: 4/4
   755 | D:2      | Reached XP level 4. HP: 22/28 MP: 5/5
  1020 | D:2      | Reached skill level 1 in Dodging
  1174 | D:2      | Found a shimmering altar of Xom.
  1279 | D:3      | Found a shattered altar of Ashenzari.
  1280 | D:3      | Noticed Metae's ghost (weakling TeSu)
  1421 | D:3      | Gained mutation: You can fly. [Tengu growth]
  1421 | D:3      | Reached XP level 5. HP: 31/32 MP: 6/6
  1737 | D:3      | Noticed a sky beast
  1755 | D:3      | Killed a sky beast
  1755 | D:3      | Reached skill level 4 in Fighting
  1755 | D:3      | Reached XP level 6. HP: 30/39 MP: 7/7
  2069 | D:4      | Noticed Sigmund
  2070 | D:4      | Noticed Natasha
  2337 | D:5      | Entered Level 5 of the Dungeon
  2500 | D:5      | Reached skill level 5 in Fighting
  2679 | D:5      | Noticed a spriggan
  2690 | D:5      | Slain by a spriggan

Skill      XL: |  1  2  3  4  5  6 |
---------------+-------------------+-----
Armour         | 4 |  4.1
Dodging        | 1 |  1.5
Long Blades    | 3 4 |  4.3
Fighting       | 4 5 |  5.0
Shields        | |  3.6
Spellcasting   | |  0.5

Action                   |  1- 3 |  4- 6 || total
-------------------------+-------+-------++-------
Melee: Long sword        |    89 |   110 ||   199
       Kick              |    16 |    36 ||    52
       Peck              |     7 |    25 ||    32
       Trident           |       |    27 ||    27
  Use: Potion            |       |     2 ||     2
       Scroll            |       |     8 ||     8
  Eat: Fruit             |       |     5 ||     5
Armor: Scale mail        |    42 |    33 ||    75
       Chain mail        |       |    17 ||    17
Dodge: Dodged            |    27 |    28 ||    55
Block: Shield            |    57 |    66 ||   123
